 Dungeon Crawl Stone Soup version 0.28-a0-1429-gf3d713df7a (webtiles) character file.

Game seed: 901417003039931360

3282 flotson the Skirmisher (level 9, 0/71 HPs)
             Began as a Demonspawn Gladiator on Jan 8, 2022.
             Was an Initiate of Gozag.
             Shot with an arrow by a centaur warrior (23 damage)
             ... on level 8 of the Dungeon.
             The game lasted 00:10:58 (7623 turns).

flotson the Skirmisher (Demonspawn Gladiator)       Turns: 7623, Time: 00:10:59

Health: 0/71       AC: 13    Str: 18    XL:     9   Next: 69%
Magic:  9/9        EV: 12    Int:  9    God:    Gozag
Gold:   578        SH:  0    Dex: 16    Spells: 8/8 levels left

rFire   . . .      SeeInvis .   a - +5 mace (freeze)
rCold   . . .      Faith    .   k - orb {mayhem}
rNeg    . . .      Spirit   .   v - +0 scale mail
rPois   .          Reflect  .   J - +1 helmet
rElec   .          Harm     .   g - +0 cloak
rCorr   .          Rampage  .   (no gloves)
Will    .....                   b - +0 pair of boots
Stlth   ..........              h - amulet of the acrobat
HPRegen 0.21/turn               (no ring)
MPRegen 0.11/turn               (no ring)

@: gold aura
A: claws 2, rugged brown scales 1, demonic guardian 2, spiny 1
a: Renounce Religion, Potion Petition, Call Merchant, Bribe Branch


You were on level 8 of the Dungeon.
You worshipped Gozag.
Gozag was pleased with you.
You visited 2 branches of the dungeon, and saw 9 of its levels.
You also visited: Sewer.

You collected 804 gold pieces.
You spent 175 gold pieces at shops.
You paid 51 gold pieces to Gozag.

Inventory:

Hand Weapons
 a - a +5 mace of freezing (weapon)
Missiles
 o - 33 poisoned darts (quivered)
Armour
 b - a +0 pair of boots (worn)
 c - a +0 helmet
 g - a +0 cloak (worn)
 k - an orb of mayhem (worn)
 v - a +0 scale mail (worn)
 J - a +1 helmet (worn)
Jewellery
 h - an amulet of the acrobat (around neck)
Wands
 y - a wand of iceblast (27)
Scrolls
 f - 3 scrolls of teleportation {unknown}
 i - 3 scrolls of identify
 l - 2 scrolls of enchant armour {unknown}
 r - a scroll of fog {unknown}
 s - a scroll of noise {unknown}
 t - 2 scrolls of fear {unknown}
 x - a scroll of amnesia {unknown}
 A - 2 scrolls of summoning {unknown}
 E - a scroll of acquirement {unknown}
 F - a scroll of holy word {unknown}
 G - a scroll of vulnerability {unknown}
 I - 2 scrolls of magic mapping {unknown}
 K - a scroll of immolation {unknown}
 L - a scroll of brand weapon {unknown}
Potions
 m - a potion of ambrosia {unknown}
 n - 4 potions of curing
 p - 2 potions of might
 q - 3 potions of berserk rage
 u - a potion of brilliance {unknown}
 w - 2 potions of lignification
 z - a potion of invisibility {unknown}
 B - a potion of haste {unknown}
 D - 2 potions of heal wounds
 H - a potion of experience {unknown}
 M - a potion of magic {unknown}


   Skills:
 + Level 6.0 Fighting
 + Level 5.9 Axes
 + Level 5.5 Throwing
 + Level 5.0 Armour
 + Level 5.9 Dodging
 + Level 4.6 Evocations


You had 8 spell levels left.
You didn't know any spells.
Your spell library contained the following spells:

 Spells                   Type           Power      Damage    Failure   Level
 Beastly Appendage        Tmut           0%         N/A       77%         1
 Wereblood                Tmut           0%         N/A       88%         2
 Spider Form              Tmut/Pois      0%         N/A       98%         3


Dungeon Overview and Level Annotations

Branches:
Dungeon (8/15)             Temple (1/1) D:5           Sewer (visited)
   Lair: D:8-11

Altars:
Ashenzari
Cheibriados
Dithmenos
Elyvilon
Gozag
Hepliaklqana
Kikubaaqudgha
Makhleb
Nemelex Xobeh
Okawaru
Qazlal
Ru
Sif Muna
Trog
Vehumet
Wu Jian
Xom
Yredelemnul
Zin
The Shining One

Shops:
D:5 (   D:6 :


Innate Abilities, Weirdness & Mutations

You have very sharp fingernails.
You are partially covered in rugged brown scales. (AC +1, +3% HP)
A demonic guardian rushes to your aid.
You are partially covered in sharp spines.


Message History

The centaur warrior shoots an arrow.
The arrow hits your hellwing!
The centaur warrior unwields a +0 longbow.
The centaur warrior hits your hellwing!
The centaur warrior barely misses your hellwing.
Aiming: Iceblast
Press: ? - help, Shift-Dir - straight line, f/p - centaur warrior
Aim: a centaur warrior, quivering arrows (ally target)
Your demonic guardian avoids your attack.
The mass of ice explodes!
The iceblast engulfs the centaur warrior!
The centaur warrior is moderately wounded.
You feel a bit more experienced.
Your demonic guardian avoids your attack.
The centaur warrior wields a +0 longbow.
The centaur warrior shoots an arrow.
The arrow hits your hellwing!
Your hellwing barely misses the centaur warrior.
Your hellwing hits the centaur warrior.
Your Fighting skill increases to level 6!
Your Armour skill increases to level 5!
Aiming: Iceblast
Press: ? - help, Shift-Dir - straight line, f/p - centaur warrior
Aim: a centaur warrior, wielding a +0 longbow and quivering arrows (moderately wounded, ally target)
Your demonic guardian avoids your attack.
The mass of ice explodes!
The iceblast engulfs the centaur warrior!
The centaur warrior is severely wounded.
Your demonic guardian avoids your attack.
The centaur warrior shoots an arrow.
The arrow hits your hellwing!
Your hellwing dies!
Your hellwing disappears in a puff of smoke!
Unknown command.
Aiming: Iceblast
Press: ? - help, Shift-Dir - straight line, f/p - centaur warrior
Aim: a centaur warrior, wielding a +0 longbow and quivering arrows (severely wounded)
The mass of ice explodes!
The iceblast engulfs the centaur warrior!
The centaur warrior is almost dead.
The centaur warrior shoots an arrow.
The arrow hits you!!
You die...
Your body crumbles into a pile of gold.

#....######.).#...##
........)).)..#.....
#.......###........#
#..#.##.# #..##..#.#
#.## ##.###...####.#
##.##.##.##.....###.#
#+#
#.....##.#.8...8.##.#
#.#
#..#####..........#.#
## #.#
#.§.@........⌠....#.#
.# ##.##
#c######............#
Q###...## #.#
###.8...8.###.
.##...Q.#####.#
##.....## #.
c###((.(c$$.c.#
##...## #.
..Z...######### #####
#. ####### .. #. #.


You could see a centaur warrior.

Vanquished Creatures
  A tengu conjurer (D:8)
  2 yaks (D:8)
  Eustachio (D:5)
  2 steam dragons
  A vampire mosquito (D:8)
  A water moccasin (D:7)
  Pargi (Sewer)
  A sky beast (D:6)
  An ogre (D:4)
  2 centaurs
  A kobold brigand (D:8)
  3 scorpions
  A bullfrog (D:7)
  4 wights (D:8)
  5 howler monkeys
  A bullfrog zombie (D:6)
  4 centaur zombies
  A hound (D:6)
  3 jellies
  An orc priest (D:7)
  A centaur skeleton (D:4)
  Ijyb (D:4)
  2 orc wizards (D:3)
  2 iguanas
  A hound skeleton (D:4)
  2 river rats (D:6)
  3 adders
  A shadow imp (D:7)
  An ufetubus (D:4)
  An adder skeleton (D:4)
  4 worms
  9 dart slugs
  8 orcs
  11 ball pythons
  7 bats
  7 endoplasms
  4 giant cockroaches
  7 goblins
  10 hobgoblins
  3 jackals (D:1)
  5 quokkas
  2 frilled lizards
  15 kobolds
  3 rats
147 creatures vanquished.

Vanquished Creatures (collateral kills)
  2 yaks (D:8)
  A howler monkey (D:7)
  3 orcs
  A kobold (D:8)
  A rat (D:1)
8 creatures vanquished.

Vanquished Creatures (others)
  A ball python (D:3)
  4 plants (D:4)
5 creatures vanquished.

Grand Total: 160 creatures vanquished

Notes
Turn   | Place    | Note
-------+----------+-------------------------------------------
     0 | D:1      | flotson the Demonspawn Gladiator began the quest for the
                  | Orb.
     0 | D:1      | Reached XP level 1. HP: 16/16 MP: 1/1
   248 | D:1      | Found a faded altar of an unknown god.
   252 | D:1      | Gained mutation: You are partially covered in sharp spines.
                  | [demonic ancestry]
   252 | D:1      | Reached XP level 2. HP: 22/22 MP: 2/2
   579 | D:1      | Gained mutation: A weak demonic guardian rushes to your
                  | aid. [demonic ancestry]
   579 | D:1      | Reached XP level 3. HP: 28/28 MP: 3/3
   679 | D:1      | Reached skill level 1 in Armour
  1462 | D:3      | Reached XP level 4. HP: 34/34 MP: 4/4
  2008 | D:3      | Gained mutation: You have sharp fingernails. [demonic
                  | ancestry]
  2008 | D:3      | Reached XP level 5. HP: 40/40 MP: 5/5
  2526 | D:4      | Found an ancient bone altar of Kikubaaqudgha.
  2565 | D:4      | Reached skill level 3 in Fighting
  2674 | D:4      | Found a basalt altar of Yredelemnul.
  2701 | D:4      | Gained mutation: A demonic guardian rushes to your aid.
                  | [demonic ancestry]
  2701 | D:4      | Reached XP level 6. HP: 29/47 MP: 6/6
  2821 | D:4      | Found a shadowy altar of Dithmenos.
  2878 | D:4      | Found an iron altar of Okawaru.
  3669 | D:4      | Noticed Ijyb
  3681 | D:4      | Killed Ijyb
  3808 | D:5      | Entered Level 5 of the Dungeon
  3974 | D:5      | Reached XP level 7. HP: 20/53 MP: 7/7
  4261 | D:5      | Noticed Eustachio
  4279 | D:5      | Killed Eustachio
  4280 | D:5      | Reached skill level 1 in Evocations
  4280 | D:5      | Found a staircase to the Ecumenical Temple.
  4290 | Temple   | Entered the Ecumenical Temple
  4458 | Temple   | Became a worshipper of Gozag Ym Sagoz the Greedy
  4540 | D:5      | Reached skill level 4 in Fighting
  4589 | D:5      | Found a burning altar of Makhleb.
  4663 | D:5      | Found Aluy's Antique Weapon Boutique.
  4682 | D:5      | Found a snail-covered altar of Cheibriados.
  4682 | D:5      | Found a hazy altar of Hepliaklqana.
  4682 | D:5      | Found a sparkling altar of Nemelex Xobeh.
  4971 | D:6      | Gained mutation: You are partially covered in rugged brown
                  | scales. (AC +1, +3% HP) [demonic ancestry]
  4971 | D:6      | Reached XP level 8. HP: 38/61 MP: 8/8
  4987 | D:6      | Found a glowing drain.
  5121 | Sewer    | Entered a sewer
  5157 | Sewer    | Noticed Pargi
  5164 | Sewer    | Killed Pargi
  5702 | D:6      | Found Rapuk's Book Shop.
  6004 | D:7      | Reached skill level 5 in Axes
  6004 | D:7      | Reached skill level 5 in Dodging
  6177 | D:5      | Bought a faintly glowing dagger for 175 gold pieces
  6177 | D:5      | Identified the +2 dagger of Spite {speed, rElec rC- Int+5}
                  | (You bought it in a shop on level 5 of the Dungeon)
  6220 | D:7      | Reached skill level 5 in Fighting
  6716 | D:8      | Gained mutation: You have very sharp fingernails. [demonic
                  | ancestry]
  6716 | D:8      | Reached XP level 9. HP: 28/70 MP: 9/9
  6724 | D:8      | Reached skill level 5 in Throwing
  7586 | D:8      | Noticed a tengu conjurer
  7587 | D:8      | Noticed a centaur warrior
  7621 | D:8      | Killed a tengu conjurer
  7622 | D:8      | Reached skill level 6 in Fighting
  7622 | D:8      | Reached skill level 5 in Armour
  7623 | D:8      | Shot with an arrow by a centaur warrior

Illustrated notes

Levels and vault maps discovered:
D:1:      psy_arrival_basics, layout_basic, ebering_ecumenical_altar_sacrificial
D:2:      layout_rooms, kennysheep_generic_room_14
D:3:      layout_loops_corners
D:4:      layout_basic, kennysheep_mini_moat, kiku_gazebo_pond_becter,
          okawaru_ov_weapons_minmay, lemuel_crystal_altar, serial_bayou,
          serial_bayou_shore_b, serial_bayou_ford_a, serial_bayou_shore_b,
          serial_bayou_pond_b, serial_bayou_pond_d, serial_bayou_pond_d,
          kennysheep_generic_room_5, uniq_ijyb
D:5:      layout_basic, gammafunk_temple_overflow_claw, general_overflow_altar,
          minmay_temple_entry_junction, serial_shops, kennysheep_mini,
          uniq_eustachio
D:6:      layout_rooms, gup_sewer_entry_spiral, serial_shops,
          nicolae_lakefront_shop, dk_vineyard_3
D:7:      layout_loops_ring
D:8:      layout_loops_corners, wad_floor_pattern_untrapped, minmay_manual_moon,
          uniq_harold
Temple:   nicolae_temple_x_marks_the_god

Skill      XL: |  1  2  3  4  5  6  7  8  9 |
---------------+----------------------------+-----
Throwing       | 2 3 4 5 |  5.5
Axes           | 3 4 5 |  5.9
Dodging        | 3 4 5 |  5.9
Armour         | 1 2 3 4 5 |  5.0
Fighting       | 3 4 5 6 |  6.0
Evocations     | 2 3 4 |  4.6

Action                   |  1- 3 |  4- 6 |  7- 9 || total
-------------------------+-------+-------+-------++-------
Melee: War axe           |    97 |   104 |     8 ||   209
       Rapier            |       |       |   118 ||   118
       Mace              |       |       |    25 ||    25
Throw: Javelin           |       |       |    16 ||    16
       Dart              |       |       |     4 ||     4
       Throwing net      |       |       |     3 ||     3
Evoke: Wand              |       |       |     3 ||     3
  Use: Potion            |       |       |     1 ||     1
       Scroll            |       |       |     4 ||     4
 Stab: Sleeping          |     1 |       |       ||     1
       Distracted        |       |       |     1 ||     1
Armor: Leather armour    |    31 |     7 |       ||    38
       Scale mail        |       |    30 |    91 ||   121
Dodge: Dodged            |    72 |    78 |   141 ||   291

Table legend: (Time is in decaauts)
 A = Elapsed time spent in this place.
 B = Non-inter-level travel time spent in this place.
 C = Inter-level travel time spent in this place.
 D = Time resting spent in this place.
 E = Time spent auto-exploring this place.
 F = Levels seen in this place.
 G = Mean time per level.
                   A        B        C        D        E       F      G
               +--------+--------+--------+--------+--------+-----+--------+
         Total |   7774 |   7435 |    339 |    268 |   5866 |  10 |  777.4 |
       Dungeon |   7453 |   7124 |    329 |    268 |   5608 |   8 |  931.6 |
        Temple |    178 |    168 |     10 |      0 |    156 |   1 |  178.0 |
         Sewer |    142 |    142 |      0 |      0 |    102 |   1 |  142.0 |
               +--------+--------+--------+--------+--------+-----+--------+

Top non-repeatable levels by time:
     D:4: 1383 daAuts
     D:1: 1118 daAuts
     D:8: 987 daAuts
     D:5: 932 daAuts
     D:3: 905 daAuts
     D:6: 896 daAuts
     D:7: 756 daAuts
     D:2: 474 daAuts
  Temple: 178 daAuts
   Sewer: 142 daAuts
